AoeStats
← AR

Socotra

506018831Analyzed
2v2 RM · 18d ago on Sep 12, 2026· 36m 56s· 4 players
Game mode
Random Map
Map size
Tiny (2 player)
Population
200
Speed
Normal
Resources
Standard
Victory
Conquest
Starting age
Dark Age
Ending age
Imperial Age
RankedLock teamsTeams togetherTeam positionsShared explorationLock speedFull tech treeHidden civsTurbo modeCheats
Victory
Defeat
🇪🇨 Chinese · Ecuador
900
+16
🇪🇨 Armenians · Ecuador
893
+17
🇨🇴 Burmese · Colombia
908
-17
🇨🇴 Mongols · Colombia
905
-16
finowarcly
11:42 Feudal Age
14:40 Double-Bit Axe
19:40 Fletching
25:01 Horse Collar
27:00 Padded Archer Armor
30:55 Castle Age
30:28 Stone Mining
31:19 Forging
31:10 Scale Mail Armor
31:19 Scale Barding Armor
33:01 Bloodlines
35:19 Iron Casting
35:04 Chain Barding Armor
Jak3mate
11:09 Feudal Age
12:34 Man-at-Arms
13:44 Long Swordsman
18:55 Arson
22:11 Forging
22:38 Loom
23:32 Scale Mail Armor
24:04 Double-Bit Axe
27:11 Fletching
28:24 Padded Archer Armor
AR
10:26 Feudal Age
10:48 Man-at-Arms
14:14 Arson
18:12 Loom
19:45 Scale Mail Armor
23:49 Horse Collar
27:52 Fletching
31:17 Wheelbarrow
35:50 Forging
juancamilogarciah
9:52 Feudal Age
10:26 Double-Bit Axe
10:54 Man-at-Arms
12:53 Wheelbarrow
16:57 Forging
20:22 Fletching
22:31 Stone Mining
26:20 Castle Age
25:59 Padded Archer Armor
27:36 Iron Casting
27:38 Bow Saw
27:34 Gold Mining
27:58 Horse Collar
32:01 Bodkin Arrow
31:29 Crossbowman
33:16 Scale Barding Armor
Connection lost

Rejoining the realm…

Still unreachable

The connection could not be restored.

Session expired

The server has moved on; the page needs a fresh start.